 Dungeon Crawl Stone Soup version 0.25-a0-1079-g858b6a6ff6 (webtiles) character file.

Game seed: 10371131728246332062, levelgen mode: deterministic

10896 vurker the Quickloader (level 12, -8/80 HPs)
             Began as a Kobold Hunter on May 15, 2020.
             Was a Priest of Okawaru.
             Mangled by a death yak (11 damage)
             ... on level 9 of the Dungeon.
             The game lasted 00:26:11 (14190 turns).

vurker the Quickloader (Kobold Hunter)             Turns: 14190, Time: 00:26:12

Health: -8/80      AC: 15    Str: 14    XL:     12   Next: 1%
Magic:  18/18      EV: 13    Int: 12    God:    Okawaru [***...]
Gold:   492        SH:  0    Dex: 16    Spells: 11/11 levels left

rFire    + . .     SeeInvis .   b - +2 rapier (venom)
rCold    . . .     Gourm    .   (shield restricted)
rNeg     . . .     Faith    .   i - +2 chain mail {rF+}
rPois    .         Spirit   .   f - +0 helmet
rElec    .         Reflect  .   (no cloak)
rCorr    +         Harm     .   s - +1 pair of gloves
MR       .....                  (no boots)
Stlth    ..........             (no amulet)
HPRegen  0.23/turn              l - ring of resist corrosion
MPRegen  0.16/turn              (no ring)

@: no status effects
A: small, carnivore
a: Heroism, Renounce Religion


You were on level 9 of the Dungeon.
You worshipped Okawaru.
Okawaru was most pleased with you.
You were hungry.

You visited 2 branches of the dungeon, and saw 10 of its levels.

You collected 492 gold pieces.

Inventory:

Hand Weapons
 a - a +2 hand crossbow
 b - a +2 rapier of venom (weapon)
   (You found it on level 7 of the Dungeon)
Missiles
 g - 105 bolts
Armour
 f - a +0 helmet (worn)
   (You found it on level 6 of the Dungeon)
 i - a +2 chain mail of fire resistance (worn)
   (You found it on level 6 of the Dungeon)
 s - a +1 pair of gloves (worn)
   (You found it on level 3 of the Dungeon)
 w - a +1 chain mail of cold resistance
   (You found it on level 4 of the Dungeon)
Jewellery
 l - a ring of resist corrosion (left hand)
   (You found it on level 8 of the Dungeon)
Wands
 d - a wand of iceblast (17)
   (You found it on level 4 of the Dungeon)
 r - a wand of polymorph (9)
   (You took it off Natasha on level 3 of the Dungeon)
 t - a wand of flame (20)
   (You found it on level 4 of the Dungeon)
 x - a wand of acid (1)
   (You took it off Ijyb on level 4 of the Dungeon)
Scrolls
 c - 3 scrolls of remove curse
 j - 2 scrolls of fear
 k - a scroll of magic mapping {unknown}
 m - a scroll of teleportation
 q - 2 scrolls of enchant armour
 v - 2 scrolls of enchant weapon
 y - 3 scrolls of amnesia {unknown}
Potions
 h - 2 potions of mutation
 n - a potion of might {unknown}
 o - 6 potions of heal wounds
 p - 2 potions of ambrosia
 u - 4 potions of curing
 A - a potion of resistance
Comestibles
 e - 12 rations


   Skills:
 + Level 11.2 Fighting
 - Level 5.0 Short Blades
 - Level 11.9 Crossbows
 - Level 5.0 Armour
 - Level 10.0 Dodging
 - Level 1.3 Stealth
 - Level 8.0 Invocations


You had 11 spell levels left.
You didn't know any spells.
Your spell library contained the following spells:

 Spells                   Type           Power        Failure   Level  Hunger
 Magic Dart               Conj           #...         100%        1    ##.....
 Sandblast                Erth           #.....       100%        1    ##.....
 Blink                    Tloc           N/A          100%        2    ###....
 Call Imp                 Summ           #.......     100%        2    ###....
 Passwall                 Tmut/Erth      #.......     100%        2    ###....
 Slow                     Hex            #.......     100%        2    ###....
 Conjure Flame            Conj/Fire      #.......     100%        3    ####...
 Mephitic Cloud           Conj/Pois/Air  #.......     100%        3    ####...
 Stone Arrow              Conj/Erth      #.....       100%        3    ####...
 Petrify                  Tmut/Erth      #.......     100%        4    #####..
 Lee's Rapid Deconstruct  Erth           #.........   100%        5    ######.


Dungeon Overview and Level Annotations

Branches:
Dungeon (9/15)             Temple (1/1) D:6            Lair (0/6) D:9
    Orc: D:9-12

Altars:
Cheibriados
Dithmenos
Elyvilon
Gozag
Hepliaklqana
Makhleb
Okawaru
Qazlal
Ru
Sif Muna
Trog
Uskayaw
Zin

Shops:
D:6 =


Innate Abilities, Weirdness & Mutations

You are small and have problems with some larger weapons.
You are carnivorous and can eat meat at any time.


Message History

You hit the yak.
The yak is poisoned.
The yak gores you but does no damage. x2
The death yak gores you but does no damage.
You hit the yak. The yak barely misses you. The yak closely misses you.
The death yak gores you but does no damage.
You puncture the yak! The yak gores you but does no damage.
You hit the yak but do no damage.
The yak looks as sick as possible!
The yak gores you but does no damage. The death yak completely misses you.
The yak gores you!
You hit the yak but do no damage.
The yak looks as sick as possible!
The yak gores you!
* * * LOW HITPOINT WARNING * * *
The death yak gores you!
* * * LOW HITPOINT WARNING * * *
The yak misses you.
You puncture the yak!
The yak looks as sick as possible!
You kill the yak!
Okawaru accepts your kill.
You have reached level 12!
Your experience leads to an increase in your attributes!
Increase (S)trength, (I)ntelligence, or (D)exterity?
You feel stronger. The death yak gores you.
* * * LOW HITPOINT WARNING * * *
The yak closely misses you.
Things that are here:
4 poisoned darts; a +0 short sword; a yak corpse The death yak snorts and paws the ground.
Things that are here:
4 poisoned darts; a +0 short sword; a yak corpse
There is a stone staircase leading down, spattered with blood here.
You are feeling hungry.
Things that are here:
4 poisoned darts; a +0 short sword; a yak corpse
There is a stone staircase leading down, spattered with blood here.
Things that are here:
4 poisoned darts; a +0 short sword; a yak corpse
There is a stone staircase leading down, spattered with blood here.
The death yak gores you but does no damage.
You climb downwards.
There is a stone staircase leading up, spattered with blood here.
Things that are here:
a poisoned dart; a stone The death yak snorts and paws the ground.
The death yak gores you!!
* * * LOW HITPOINT WARNING * * *
The death yak gores you!!
* * * LOW HITPOINT WARNING * * *
There is a stone staircase leading up here.
The death yak gores you!
You die...

##################
#@..(.....#.......
#.Y.......#.......
#.........#.......
#........(#..>....
#.........#.......
#........(#.......
#.........#.......
#.........#.......
#.....<...########


You could see a death yak.

Vanquished Creatures
  2 two-headed ogres
  2 death yaks
  Joseph (D:7)
  A hornet (D:8)
  2 hippogriffs
  A wyvern (D:8)
  4 yaks
  Grum (D:8)
  2 hungry ghosts (D:9)
  2 porcupines (D:9)
  A necrophage (D:9)
  An ice beast (D:5)
  2 sky beasts
  A phantom (D:6)
  4 wolves (D:8)
  3 ogres
  4 centaurs
  A crocodile (D:4)
  3 big kobolds
  4 bullfrogs
  A wyvern zombie (D:8)
  4 scorpions
  11 killer bees
  3 wights (D:7)
  An electric eel (D:7)
  2 crimson imps
  A jelly (D:7)
  2 orc priests (D:4)
  2 hounds
  2 bullfrog skeletons
  3 orc wizards
  Jessica (D:3)
  Natasha (thrice) (D:3)
  5 iguanas
  Ijyb (D:4)
  A hell rat (D:8)
  4 worker ants
  2 hound skeletons
  2 worker ant zombies (D:9)
  10 adders
  A river rat (D:9)
  An ooze (D:2)
  An adder zombie (D:7)
  4 adder skeletons
  2 dart slugs (D:2)
  4 leopard geckos
  16 orcs
  8 bats
  9 giant cockroaches
  10 goblins
  10 hobgoblins
  11 jackals
  17 kobolds
  5 quokkas
  A ball python (D:2)
  7 frilled lizards
  A leopard gecko skeleton (D:5)
  A leopard gecko zombie (D:5)
  A quokka skeleton (D:9)
  15 rats
  A plant (D:7)
229 creatures vanquished.

Notes
Turn   | Place    | Note
-------+----------+-------------------------------------------
     0 | D:1      | vurker the Kobold Hunter began the quest for the Orb.
     0 | D:1      | Reached XP level 1. HP: 12/12 MP: 1/1
    52 | D:1      | Reached skill level 1 in Short Blades
    52 | D:1      | Reached skill level 5 in Crossbows
    52 | D:1      | Reached XP level 2. HP: 9/18 MP: 2/2
   577 | D:1      | Reached XP level 3. HP: 19/22 MP: 3/3
  1465 | D:2      | Noticed a centaur
  1478 | D:2      | Reached XP level 4. HP: 27/27 MP: 4/4
  1769 | D:2      | Killed a centaur
  1769 | D:2      | Reached XP level 5. HP: 2/32 MP: 5/5
  2498 | D:3      | Noticed Natasha
  2513 | D:3      | Killed Natasha
  2582 | D:3      | Reached XP level 6. HP: 37/37 MP: 6/6
  2639 | D:3      | Noticed Natasha
  2649 | D:3      | Killed Natasha
  2832 | D:3      | Noticed Natasha
  2848 | D:3      | Killed Natasha
  3176 | D:3      | Noticed Jessica
  3198 | D:3      | Killed Jessica
  3664 | D:4      | Reached skill level 5 in Short Blades
  3715 | D:4      | Noticed Edmund
  3722 | D:4      | Noticed Edmund
  3722 | D:4      | Edmund changed into Edmund the crocodile
  3726 | D:4      | Killed Edmund the crocodile
  3726 | D:4      | Reached XP level 7. HP: 21/42 MP: 7/7
  4200 | D:4      | Noticed Ijyb
  4205 | D:4      | Killed Ijyb
  4400 | D:4      | HP: 2/44 [orc priest/divine providence (16)]
  4893 | D:4      | Found a stormy altar of Qazlal.
  4893 | D:4      | Found a hide-covered altar of Uskayaw.
  5403 | D:5      | Entered Level 5 of the Dungeon
  5608 | D:5      | Found a bloodstained altar of Trog.
  5610 | D:5      | Reached XP level 8. HP: 46/48 MP: 8/8
  5689 | D:5      | Reached skill level 5 in Fighting
  7011 | D:6      | Found Zasutob's Jewellery Emporium.
  7329 | D:6      | Noticed a hippogriff
  7335 | D:6      | Killed a hippogriff
  7335 | D:6      | Reached skill level 10 in Crossbows
  7337 | D:6      | Found a staircase to the Ecumenical Temple.
  7352 | Temple   | Entered the Ecumenical Temple
  7422 | Temple   | Became a worshipper of Warmaster Okawaru
  7761 | D:7      | Noticed Joseph
  7768 | D:7      | Reached skill level 1 in Invocations
  7768 | D:7      | Reached XP level 9. HP: 51/56 MP: 9/9
  7771 | D:7      | Reached skill level 1 in Armour
  7783 | D:7      | Killed Joseph
  7783 | D:7      | Reached * piety under Okawaru
  8671 | D:7      | Reached ** piety under Okawaru
  8973 | D:7      | Reached XP level 10. HP: 65/65 MP: 12/14
  9033 | D:7      | Found an opulent altar of Gozag.
  9811 | D:8      | Reached skill level 5 in Armour
  9811 | D:8      | Reached XP level 11. HP: 62/71 MP: 16/16
 10152 | D:8      | Noticed Grum
 10216 | D:8      | Killed Grum
 10718 | D:8      | Noticed a two-headed ogre
 10795 | D:8      | Killed a two-headed ogre
 10795 | D:8      | Reached *** piety under Okawaru
 10795 | D:8      | Received a gift from Okawaru
 11337 | D:9      | Noticed a death yak
 11338 | D:9      | Found a staircase to the Lair.
 11338 | D:9      | Noticed a death yak
 11466 | D:8      | Killed a death yak
 11803 | D:9      | Noticed a two-headed ogre
 11833 | D:9      | Killed a two-headed ogre
 11833 | D:9      | Reached skill level 10 in Fighting
 12309 | D:9      | Noticed a death yak
 12354 | D:9      | Reached skill level 10 in Dodging
 12740 | D:9      | Got a steaming quarterstaff
 12742 | D:9      | Identified the cursed +0 quarterstaff of Ytebette {vamp,
                  | rElec} (You found it on level 9 of the Dungeon)
 12804 | D:9      | Reached **** piety under Okawaru
 12988 | D:9      | Found a staircase to the Lair.
 13522 | D:9      | Killed a death yak
 13522 | D:9      | Received a gift from Okawaru
 14104 | D:8      | Reached XP level 12. HP: 26/80 MP: 18/18
 14188 | D:9      | HP: 2/80 [death yak (23)]
 14190 | D:9      | Mangled by a death yak

Illustrated notes

Levels and vault maps discovered:
D:1:      ncdulo_lavacross, layout_rooms
D:2:      layout_rooms
D:3:      layout_basic, st_stairs_1, uniq_jessica, uniq_natasha
D:4:      layout_loops_ring, gammafunk_temple_overflow_pools, first_ration,
          uniq_crazy_yiuf_cottage, uniq_edmund, uniq_ijyb
D:5:      layout_gridville, lemuel_round_altar
D:6:      layout_rooms, minmay_temple_entry_glass, serial_shops, shop_fountains
D:7:      layout_loops_ring, kennysheep_mini_moat, serial_bayou,
          serial_bayou_shore_a, serial_bayou_ford_a, serial_bayou_pond_b,
          serial_bayou_pond_c, uniq_joseph
D:8:      layout_loops_corners, uniq_grum
D:9:      layout_grid_maze, dpeg_lair_monsters
Temple:   dpeg_five_rooms_temple

Skill      XL: |  1  2  3  4  5  6  7  8  9 10 11 |
---------------+----------------------------------+-----
Short Blades   | 1 2 3 4 5 |  5.0
Crossbows      | 5 6 7 8 10 11 | 11.9
Fighting       | 3 4 6 8 9 11 | 11.2
Invocations    | 1 6 8 |  8.0
Armour         | 4 5 |  5.0
Dodging        | 8 10 | 10.0
Stealth        | |  1.3

Action                   |  1- 3 |  4- 6 |  7- 9 | 10-12 || total
-------------------------+-------+-------+-------+-------++-------
Melee: Short sword       |   151 |   164 |   335 |       ||   650
       Rapier            |       |       |   174 |   281 ||   455
 Fire: Hand crossbow     |       |    50 |    69 |    24 ||   143
Invok: Heroism           |       |       |       |     5 ||     5
Evoke: Wand              |       |     2 |     3 |     8 ||    13
  Use: Scroll            |       |       |    18 |     3 ||    21
       Potion            |       |       |     1 |       ||     1
 Stab: Sleeping          |     2 |     1 |       |       ||     3
  Eat: Chunk             |    10 |     8 |    16 |    24 ||    58
       Ration            |       |       |       |     1 ||     1
Armor: Leather armour    |     6 |       |       |       ||     6
       Ring mail         |    40 |    68 |       |       ||   108
       Chain mail        |       |       |   218 |   188 ||   406
Dodge: Dodged            |   104 |   185 |   173 |   233 ||   695

Table legend:
 A = Non-vault XP
 B = Vault XP
 C = Vault XP percentage of total XP
 D = Non-vault monster count
 E = Vault monster count
 F = Vault count percentage of total count
                 A         B        C        D         E       F
            +---------+---------+-------+---------+---------+-------
      Total |    8275 |    3728 |  31.1 |     200 |      28 |  12.3
            +---------+---------+-------+---------+---------+-------
        D:1 |      51 |       0 |   0.0 |      32 |       0 |   0.0
        D:2 |     166 |       0 |   0.0 |      22 |       0 |   0.0
        D:3 |     116 |      77 |  39.9 |      22 |       4 |  15.4
        D:4 |     408 |     143 |  26.0 |      22 |       2 |   8.3
        D:5 |     371 |       0 |   0.0 |      14 |       0 |   0.0
        D:6 |     556 |       0 |   0.0 |       7 |       0 |   0.0
        D:7 |     919 |     815 |  47.0 |      28 |       7 |  20.0
        D:8 |    3153 |    1537 |  32.8 |      28 |       7 |  20.0
        D:9 |    2535 |    1156 |  31.3 |      25 |       8 |  24.2
            +---------+---------+-------+---------+---------+-------
